 Dungeon Crawl Stone Soup version 0.20-a0-429-g054b1fe (webtiles) character file.

44 AlphabetPasta the Grave Robber (level 3, -2/22 HPs)
             Began as an Octopode Necromancer on Jan 1, 2017.
             Slain by a hobgoblin
             ... wielding a +0 club
              (6 damage)
             ... on level 1 of the Dungeon.
             The game lasted 00:03:20 (787 turns).

AlphabetPasta the Grave Robber (OpNe)                Turns: 787, Time: 00:03:21

Health: -2/22      AC:  1    Str:  7    XL:     3   Next: 60%
Magic:  1/6        EV: 13    Int: 18    God:
Gold:   31         SH:  0    Dex: 12    Spells: 5/6 levels left

rFire  . . .     SeeInvis .     (no weapon)
rCold  . . .     Gourm    .     (no shield)
rNeg   . . .     Faith    .     (helmet restricted)
rPois  .         Spirit   .     (no amulet)
rElec  .         Reflect  .     (no ring)
rCorr  .         Harm     .     (no ring)
MR     .....                    (no ring)
Stlth  +++.......               (no ring)
                                (no ring)
                                (no ring)
                                (no ring)
                                (no ring)

@: no status effects
A: almost no armour, stealthy swim, amphibious, 8 rings, constrict 8, camouflage
1, gelatinous body 1
a: no special abilities


You were on level 1 of the Dungeon.
You were not hungry.

You visited 1 branch of the dungeon, and saw 1 of its levels.

You collected 31 gold pieces.

Inventory:

Potions
 d - 2 potions of lignification {unknown}
 e - a potion of beneficial mutation {unknown}
 g - a potion of brilliance {unknown}
Books
 a - a book of Necromancy

   Spells                             Type                      Level
   a - Pain                           Necromancy                   1
   b - Animate Skeleton               Necromancy                   1
   c - Vampiric Draining              Necromancy                   3
   d - Regeneration                   Charms/Necromancy            3
   e - Animate Dead                   Necromancy                   4
   f - Control Undead                 Necromancy                   4
Comestibles
 b - 3 bread rations
 c - 5 chunks of flesh
 f - a meat ration


   Skills:
 + Level 0.6 Fighting
 + Level 2.4 Dodging
 - Level 2.6 Stealth
 + Level 2.3 Spellcasting
 * Level 4.6 Necromancy


You had 5 spell levels left.
You knew the following spells:

 Your Spells              Type           Power        Failure   Level  Hunger
a - Pain                  Necr           ###.         2%          1    #......


Dungeon Overview and Level Annotations

Branches:
Dungeon (1/15)

Altars:


Innate Abilities, Weirdness & Mutations

You cannot wear most types of armour.
You are very stealthy in the water. (Stealth+)
You are amphibious.
You can wear up to eight rings at the same time.
You can use your tentacles to constrict eight enemies at once.
Your skin changes colour to match your surroundings (Stealth+).
Your rubbery body absorbs attacks. (AC +1, EV +1)


Message History

The jackal bites you.
You tentacle-slap the jackal.
The jackal is lightly wounded.
You constrict the jackal. The jackal bites you. x2
* * * LOW HITPOINT WARNING * * *
Casting: Pain
Confirm with . or Enter, or press ? or * to list all spells.
Aiming: Pain
Press: ? - help, Shift-Dir - straight line, f/p - jackal
Aim: a jackal (moderately wounded, constricted by you, chance to defeat MR: 89%)
The jackal writhes in agony!
You kill the jackal!
The hobgoblin throws a stone.
The stone closely misses you.
Casting: Pain
Confirm with . or Enter, or press ? or * to list all spells.
Aiming: Pain
Press: ? - help, Shift-Dir - straight line, f - hobgoblin
Aim: a hobgoblin, wielding a club (chance to defeat MR: 89%)
The hobgoblin writhes in agony!
The hobgoblin hits you with a club.
You die...

......######.##.##
#...#.# #.##.#
##.##... ..##.##
#.###### ###...#
#.# #..[# #+#
#...# ###.# #.#
#@# #g# .r.g..rg.#
..g..##..# ....
#..# ... ...# ..
##.# . .# .#


You could see 2 hobgoblins and a rat.

Vanquished Creatures
  A gnoll (D:1)
  3 dart slugs (D:1)
  2 ball pythons (D:1)
  2 bats (D:1)
  A giant cockroach (D:1)
  2 goblins (D:1)
  3 hobgoblins (D:1)
  6 jackals (D:1)
  2 kobolds (D:1)
  3 rats (D:1)
25 creatures vanquished.

Notes
Turn   | Place    | Note
-------+----------+-------------------------------------------
     0 | D:1      | AlphabetPasta the Octopode Necromancer began the quest for the Orb.
     0 | D:1      | Reached XP level 1. HP: 11/11 MP: 3/3
   145 | D:1      | Reached XP level 2. HP: 12/17 MP: 1/5
   466 | D:1      | Reached XP level 3. HP: 21/21 MP: 4/6
   787 | D:1      | Slain by a hobgoblin

Vault maps used:
D:1:      roderic_crop_circles_arrival_small

Action                   || total
-------------------------++-------
Melee: Unarmed           ||    30
       Constrict         ||     9
       Tentacles         ||     4
 Cast: Pain              ||    34
  Use: Scroll            ||     1
 Stab: Sleeping          ||     2
Armor: Skin              ||     3
Dodge: Dodged            ||    21
